 Dungeon Crawl Stone Soup version 0.21-a0-529-g8c7b3f5 (webtiles) character file.

217 TheDeThijs the Poker (level 5, -3/41 HPs)
             Began as a Merfolk Gladiator on Dec 9, 2017.
             Was an Initiate of Okawaru.
             Killed from afar by Natasha (6 damage)
             ... with a magic dart
             ... on level 3 of the Dungeon.
             The game lasted 00:11:28 (2347 turns).

TheDeThijs the Poker (Merfolk Gladiator)            Turns: 2347, Time: 00:11:29

Health: -3/41      AC:  5    Str: 22    XL:     5   Next: 94%
Magic:  0/5        EV: 21    Int:  8    God:    Okawaru [......]
Gold:   112        SH:  0    Dex: 21    Spells: 4/4 levels left

rFire    . . .     SeeInvis .   a - +0 trident
rCold    . . .     Gourm    .   (no shield)
rNeg     . . .     Faith    .   b - +1 leather armour
rPois    .         Spirit   +   c - +0 helmet
rElec    .         Reflect  .   (no cloak)
rCorr    .         Harm     .   (no gloves)
MR       .....                  (no boots)
Stlth    +++.......             q - amulet of guardian spirit
HPRegen  0.13/turn              y - +3 ring of strength
MPRegen  0.09/turn              (no ring)

@: mighty, agile, slowed, very slow
A: change form in water, swift swim, stealthy swim
a: Renounce Religion


You were on level 3 of the Dungeon.
You worshipped Okawaru.
Okawaru was noncommittal.
You were hungry.

You visited 1 branch of the dungeon, and saw 3 of its levels.

You collected 112 gold pieces.

Inventory:

Hand Weapons
 a - a +0 trident (weapon)
Missiles
 d - 3 throwing nets
 t - 67 stones (quivered)
Armour
 b - a +1 leather armour (worn)
 c - a +0 helmet (worn)
 e - a +0 pair of gloves
 o - a +0 pair of gloves
Jewellery
 q - an amulet of guardian spirit (around neck)
 y - a +3 ring of strength (left hand)
Wands
 l - a wand of iceblast (7)
 n - a wand of polymorph (7)
Potions
 i - a potion of might
 k - a potion of berserk rage {unknown}
 m - a potion of curing {unknown}
 p - a potion of cancellation {unknown}
 u - a potion of agility
 x - a potion of flight {unknown}
 z - a potion of degeneration {unknown}
 A - a potion of ambrosia {unknown}
Comestibles
 f - 2 bread rations
 h - a meat ration


   Skills:
 + Level 3.0 Fighting
 + Level 7.4 Polearms
 - Level 2.0 Throwing
 - Level 0.4 Armour
 + Level 5.6 Dodging
 - Level 0.4 Stealth


You had 4 spell levels left.
You didn't know any spells.

Dungeon Overview and Level Annotations

Branches:
Dungeon (3/15)

Altars:
Makhleb
Okawaru

Annotations:
D:3 Natasha


Message History

As you read the scroll labeled SUSCHE DYWOPS, it crumbles to dust.
It is a scroll of amnesia.
You feel forgetful for a moment. The iron imp completely misses you.
It was a potion of might.
You feel very mighty all of a sudden.
The iron imp laughs crazily.
The iron imp barely misses you. The iron imp hits you!
* * * LOW HITPOINT WARNING * * *
Unknown command.
It was a potion of agility.
You feel agile all of a sudden. The iron imp hits you.
* * * LOW HITPOINT WARNING * * *
Unknown command.
The iron imp disappears in a puff of smoke!
The iron imp disappears in a puff of smoke!
Natasha's inner flame fades away.
Natasha stares at you and mumbles some strange words.
The magic dart hits you!
You die...

'.)..........
#.#
#####.#######
#.# # #.# #.#
# #.# #.# #
#.# #.# # #.#
#.# # #.# #.#
# #.# #.# #@#
########## #.#
...†...... #h#
..†...######
#.#
...†.......#
#.#
#####.#5...#
#.# # #.#§####
#§# #
#.#.########§#
#
#.#.......5§§#


You could see Natasha.

Vanquished Creatures
  A hound (D:3)
  A centaur skeleton (D:3)
  Terence (D:1)
  Natasha (D:3)
  2 adders
  2 oozes
  A worm (D:3)
  2 orcs (D:3)
  2 giant cockroaches (D:3)
  20 goblins
  9 hobgoblins
  5 jackals
  6 kobolds
  2 quokkas (D:3)
  9 bats
  A frilled lizard (D:2)
  11 rats
76 creatures vanquished.

Notes
Turn   | Place    | Note
-------+----------+-------------------------------------------
     0 | D:1      | TheDeThijs the Merfolk Gladiator began the quest for the Orb.
     0 | D:1      | Reached XP level 1. HP: 16/16 MP: 1/1
   348 | D:1      | Reached XP level 2. HP: 21/23 MP: 2/2
   691 | D:1      | Reached skill level 5 in Polearms
   707 | D:1      | Reached XP level 3. HP: 26/28 MP: 3/3
   939 | D:1      | Reached skill level 5 in Dodging
  1146 | D:2      | Noticed Terence
  1167 | D:1      | Killed Terence
  1167 | D:1      | Reached XP level 4. HP: 34/34 MP: 4/4
  1285 | D:2      | Found an iron altar of Okawaru.
  1311 | D:2      | Became a worshipper of Warmaster Okawaru
  1515 | D:2      | Reached skill level 6 in Polearms
  1847 | D:3      | Reached XP level 5. HP: 39/39 MP: 5/5
  1868 | D:3      | Noticed Natasha
  1878 | D:3      | Killed Natasha
  1903 | D:3      | Found a burning altar of Makhleb.
  1915 | D:3      | Reached skill level 7 in Polearms
  2305 | D:3      | Noticed Natasha
  2343 | D:3      | HP: 2/41 [iron imp[Natasha] (3)]
  2347 | D:3      | Killed from afar by Natasha

Vault maps used:
D:1:      minmay_arrival_solitary_statue, minmay_misc_feat_ornament,
          roderic_roman_lattice, nrook_loot_triangle
D:2:      kennysheep_okawaru_gauntlet, uniq_terence
D:3:      makhleb_blood_cavern_becter, uniq_natasha

Skill      XL: |  1  2  3  4  5 |
---------------+----------------+-----
Polearms       | 5 6 7 |  7.4
Dodging        | 5 |  5.6
Fighting       | 3 |  3.0
Throwing       | |  2.0
Armour         | |  0.4
Stealth        | |  0.4

Action                   |  1- 3 |  4- 6 || total
-------------------------+-------+-------++-------
Melee: Trident           |   121 |   128 ||   249
Throw: Stone             |       |    25 ||    25
  Use: Scroll            |       |     6 ||     6
       Potion            |       |     2 ||     2
 Stab: Sleeping          |     2 |       ||     2
  Eat: Chunk             |       |     4 ||     4
Armor: Leather armour    |    23 |    21 ||    44
Dodge: Dodged            |    89 |    95 ||   184

Table legend:
 A = Spawn XP
 B = Non-spawn XP
 C = Spawn XP percentage of total XP
 D = Spawn monster count
 E = Non-spawn monster count
 F = Spawn count percentage of total count
 G = Total turns spent on level
                    A         B        C        D         E        F      G
               +---------+---------+-------+---------+---------+-------+---------
         Total |       0 |     311 |   0.0 |       0 |      76 |   0.0 |  2347
               +---------+---------+-------+---------+---------+-------+---------
           D:1 |       0 |      86 |   0.0 |       0 |      27 |   0.0 |  1107
           D:2 |       0 |      38 |   0.0 |       0 |      17 |   0.0 |   554
           D:3 |       0 |     187 |   0.0 |       0 |      32 |   0.0 |   686
               +---------+---------+-------+---------+---------+-------+---------
